Map: 이터널 엠파이어 - 래더

Players

DPGCure (Cure) - Winner!

  • Race: Terran Terran
  • Spawn Location: 7:00

INnoVation

  • Race: Terran Terran
  • League: Master
  • Spawn Location: 1:00

Event: StayAtHomestory Cup #1

VOD

Have the link to the VOD?

Description

Time

  • Played on: April 11, 2020, 2 p.m.
  • Length: 4:54

All games in this series

Show
View Real Time Build Order
Export as new Build Order

DPGCure Terran - Winner!

Build Orders:  

Get SALT Encoding   

  12  0:00  SCV  
  13  0:13  Supply Depot  
  13  0:17  SCV  
  14  0:36  Barracks  
  14  0:40  Refinery  
  14  0:54  Barracks  
  14  0:58  SCV  
  15  1:10  SCV  
  16  1:23  Orbital Command, Reaper  
  17  1:31  Refinery  
  17  1:40  Reaper  
  18  1:49  SCV  
  19  1:58  Reaper  
  19  1:59  Supply Depot  
  20  2:02  SCV  
  21  2:13  Reaper  
  21  2:14  SCV  
  23  2:26  SCV  
  24  2:30  Factory  
  24  2:35  Reaper  
  25  2:38  SCV  
  26  2:45  Reaper  
  26  2:47  Supply Depot  
  26  2:50  SCV  
  26  3:02  SCV  
  27  3:07  Reaper  
  28  3:13  Factory Tech Lab  
  28  3:14  SCV  
  28  3:17  Reaper  
  30  3:27  SCV  
  31  3:32  Cyclone  
  34  3:41  Command Center  
  34  3:43  SCV  
  35  3:50  Reaper  
  36  3:56  Starport  
  36  3:57  SCV  
  37  4:10  SCV  
  38  4:18  Supply Depot  
  38  4:22  SCV  
  38  4:34  SCV  
  38  4:36  Refinery  
  38  4:38  Starport Tech Lab  
Show
View Real Time Build Order
Export as new Build Order

INnoVation Terran 

Build Orders: 1/1/1 

Get SALT Encoding   

  12  0:00  SCV  
  13  0:12  SCV  
  14  0:17  Supply Depot  
  14  0:24  SCV  
  14  0:27  Refinery  
  15  0:38  SCV  
  16  0:44  Barracks  
  16  0:50  SCV  
  16  0:55  Refinery  
  17  1:02  SCV  
  18  1:15  SCV  
  19  1:31  Factory, Orbital Command  
  19  1:35  Reaper  
  20  1:46  Supply Depot  
  20  1:57  SCV  
  21  2:08  Reaper  
  21  2:09  SCV  
  24  2:16  Hellion  
  24  2:19  Starport  
  24  2:21  SCV  
  22  2:33  SCV  
  23  2:38  Hellion  
  23  2:39  Marine  
  26  2:45  SCV  
  26  2:50  Supply Depot  
  27  2:56  Starport Tech Lab  
  27  2:58  SCV  
  27  2:59  Marine  
  29  3:06  Hellion  
  29  3:11  SCV  
  30  3:23  SCV, Barracks Reactor  
  30  3:35  SCV, Raven  
  30  3:40  Factory Tech Lab  
  33  3:47  SCV  
  34  3:53  Command Center  
  34  3:59  SCV  
  35  4:04  Supply Depot  
  35  4:10  Cyclone  
  35  4:15  SCV  
  37  4:25  Marine x2  
  36  4:31  SCV  
  36  4:34  Supply Depot  
  39  4:42  Supply Depot  
Tags
 
Add a new tag
Caveats
  • Supply blocks, unpowered buildings, or Contaminate may cause inaccurate times.
  • Supply counts are checked every 10 seconds.